AoeStats
← Zeldrix

African Clearing

504889356Analyzed
3v3 RM · 25d ago on Sep 6, 2026· 52m 26s· 6 players
Game mode
Random Map
Map size
Normal (6 player)
Population
200
Speed
Normal
Resources
Standard
Victory
Conquest
Starting age
Dark Age
Ending age
Imperial Age
RankedLock teamsTeams togetherTeam positionsShared explorationLock speedFull tech treeHidden civsTurbo modeCheats
Victory
Defeat
🇺🇸 Lithuanians · United States
1367
+15
🇵🇪 Inca · Peru
1350
+15
🇺🇸 Bohemians · United States
1314
+17
🇨🇱 Mongols · Chile
1450
-21
🇨🇱 Vietnamese · Chile
1351
-16
🇨🇱 Spanish · Chile
1195
-10
AP10
11:39 Feudal Age
16:59 Castle Age
18:20 Fletching
23:13 Bodkin Arrow
23:36 Padded Archer Armor
23:52 Double-Bit Axe
29:30 Loom
34:43 Wheelbarrow
40:30 Ballistics
43:03 Imperial Age
43:13 Elite Skirmisher
45:01 Bracer
45:16 Leather Archer Armor
48:38 Conscription
49:36 Heavy Cavalry Archer
50:42 Parthian Tactics
Zeldrix
4:39 Loom
14:01 Feudal Age
16:03 Double-Bit Axe
22:56 Castle Age
25:01 Town Watch
25:34 Bow Saw
28:23 Husbandry
28:38 Bloodlines
30:59 Husbandry
35:26 Horse Collar
44:38 Imperial Age
46:11 Light Cavalry
47:53 Scale Barding Armor
48:39 Forging
49:30 Wheelbarrow
50:08 Scale Mail Armor
50:31 Chain Barding Armor
51:49 Plate Barding Armor
52:10 Iron Casting
Paillash
5:58 Loom
14:28 Feudal Age
22:21 Castle Age
22:14 Stone Mining
23:18 Fletching
25:38 Double-Bit Axe
27:26 Wheelbarrow
32:02 Bow Saw
31:44 Gold Mining
34:48 Ballistics
35:00 Bodkin Arrow
40:55 Imperial Age
42:15 Hand Cart
42:52 Elite Rattan Archer
46:56 Bloodlines
46:46 Husbandry
46:50 Bracer
46:55 Scale Barding Armor
47:01 Forging
46:57 Light Cavalry
Rett Mikhal
4:05 Loom
17:46 Feudal Age
19:05 Wheelbarrow
24:58 Castle Age
24:22 Horse Collar
24:34 Double-Bit Axe
28:02 Town Watch
47:15 Bow Saw
50:01 Heavy Plow
aaron.herk
12:02 Feudal Age
10:19 Loom
19:05 Castle Age
17:47 Double-Bit Axe
17:45 Horse Collar
22:13 Bloodlines
23:12 Scale Barding Armor
24:59 Fletching
27:55 Bow Saw
29:58 Chain Barding Armor
30:20 Bodkin Arrow
33:11 Forging
33:52 Wheelbarrow
38:50 Imperial Age
38:21 Hill Forts
40:27 Elite Skirmisher
43:11 Elite Leitis
43:39 Light Cavalry
47:17 Ballistics
47:21 Padded Archer Armor
47:58 Iron Casting
48:57 Bracer
50:03 Plate Barding Armor
51:39 Pikeman
León Sin Melena
5:56 Loom
13:17 Feudal Age
17:09 Castle Age
15:41 Double-Bit Axe
16:47 Fletching
17:50 Crossbowman
20:46 Ballistics
22:57 Bodkin Arrow
24:24 Gold Mining
26:42 Padded Archer Armor
27:19 Wheelbarrow
28:07 Leather Archer Armor
28:01 Town Watch
28:46 Bow Saw
28:17 Horse Collar
36:19 Imperial Age
34:39 Thumb Ring
35:25 Hand Cart
35:25 Treadmill Crane
37:04 Bracer
38:54 Chemistry
38:25 Arbalester
40:23 Gold Shaft Mining
40:41 Conscription
42:00 Leather Archer Armor
42:14 Heavy Plow
44:24 Ring Archer Armor
44:23 Scale Mail Armor
44:33 Forging
47:08 Siege Engineers
48:09 Chain Mail Armor
48:30 Iron Casting
47:46 Champi Runner
48:27 Squires
48:26 Champi Warrior
48:52 Arson
49:39 Plate Mail Armor
49:58 Fabric Shields
50:02 Elite Champi Warrior
53:58 Blast Furnace
Connection lost

Rejoining the realm…

Still unreachable

The connection could not be restored.

Session expired

The server has moved on; the page needs a fresh start.